 Dungeon Crawl Stone Soup version 0.30-a0-702-gdf48620a09 (webtiles) character file.

Game seed: 5936934325528930524

55 bande the Trooper (level 3, -10/24 HPs)
             Began as a Gargoyle Fighter on Jan 22, 2023.
             Killed by divine providence
             ... invoked by an orc priest
              (11 damage)
             ... on level 3 of the Dungeon.
             The game lasted 00:02:00 (1657 turns).

bande the Trooper (Gargoyle Fighter)                Turns: 1657, Time: 00:02:00

Health: -10/24     AC: 12    Str: 19    XL:     3   Next: 93%
Magic:  3/3        EV:  7    Int:  8    God:
Gold:   90         SH:  4    Dex: 11    Spells: 2/2 levels left

rFire   + . .      SeeInvis .    a - +0 war axe
rCold   . . .      Faith    .    c - +0 buckler
rNeg    + . .      Spirit   .    l - +0 chain mail
rPois   ∞          Reflect  .    (no helmet)
rElec   +          Harm     .    (no cloak)
rCorr   .          Rampage  .    (no gloves)
Will    .....                    (no boots) Stlth
                                 (no amulet)
HPRegen 0.24/turn                h - ring of protection from fire
MPRegen 0.08/turn                (no ring)

@: no status effects
A: sickness immunity, AC +3, negative energy resistance 1, electricity
resistance, torment resistance 1, petrification resistance
a: no special abilities


You were on level 3 of the Dungeon.
You visited 1 branch of the dungeon, and saw 3 of its levels.

You collected 90 gold pieces.

Inventory:

Hand Weapons
 a - a +0 war axe (weapon)
 i - a +0 flail
Armour
 c - a +0 buckler (worn)
 l - a +0 chain mail (worn)
Jewellery
 h - a ring of protection from fire (left hand)
Scrolls
 b - a scroll of enchant armour {unknown}
 e - a scroll of magic mapping {unknown}
 f - 3 scrolls of identify {unknown}
 g - 3 scrolls of teleportation {unknown}
 k - a scroll of enchant weapon {unknown}
Potions
 d - a potion of might
 j - a potion of lignification {unknown}


   Skills:
 + Level 3.8 Fighting
 + Level 2.7 Axes
 + Level 3.6 Armour
 + Level 3.7 Shields


You had 2 spell levels left.
You didn't know any spells.
Your spell library contained the following spells:

 Spells                   Type           Power      Damage    Failure   Level
 Ensorcelled Hibernation  Hex/Ice        0%         N/A       100%        2
 Dazzling Flash           Conj/Hex       0%         N/A       100%        3
 Spider Form              Tmut/Pois      0%         N/A       100%        3
 Anguish                  Hex/Necr       0%         N/A       100%        4
 Agony                    Necr           0%         N/A       100%        5
 Silence                  Hex/Air        0%         N/A       100%        5


Dungeon Overview and Level Annotations

Branches:
Dungeon (3/15)

Altars:


Innate Abilities, Weirdness & Mutations

You are immune to sickness and miasma.
Your stone body is resilient. (AC +3)
You are immune to poison.
You resist negative energy. (rN+)
You are resistant to electric shocks. (rElec)
You are resistant to unholy torment.
You are immune to petrification.


Message History

You kill the bat!
No target in view!
No target in view!
No target in view!
HP restored.
An orc comes into view.
It is wielding a +1 flail of holy wrath.
An orc is nearby!
The orc shouts!
You hear a shout! x2
An orc priest comes into view. It is wielding a +0 mace.
The orc priest shouts!
You hear a shout! x2
An endoplasm comes into view.
The orc priest moves out of view.
An orc comes into view. It is wielding a +0 falchion.
The orc shouts!
The endoplasm quivers.
The orc moves out of view.
An orc comes into view. It is wielding a +0 short sword.
You barely miss the orc.
An orc comes into view. It is wielding a +0 short sword.
You block the orc's attack.
The orc drinks a potion.
The orc seems to speed up.
The orc priest mumbles some strange prayers to Beogh against you.
Beogh smites you!
Ouch! That really hurt!
The orc hits you with a +1 flail of holy wrath.
You are too injured to fight recklessly!
You are too injured to fight recklessly!
You are too injured to fight recklessly!
You are too injured to fight recklessly!
You are too injured to fight recklessly!
You are too injured to fight recklessly!
You are too injured to fight recklessly!
You are too injured to fight recklessly!
You are too injured to fight recklessly!
Unknown command.
The orc attacks as you move away!
The orc hits you with a +1 flail of holy wrath!
* * * LOW HITPOINT WARNING * * *
The orc priest invokes the aid of Beogh against you.
Beogh smites you!
You die...

...............
....#...#....#..#
.......#....#..# ..
####.#...#....#..##....
.........#....#..##..# # ..
..............#..##..###
...####.....##.............
.............+............#
......#...@..#......##..#..
..........o..#####..##..#.#
......##.....# #...........
.......J.....# ###..##..#.#
........o....#####..##..#.#
##..................##.##.#
...............###..##.##.#
###.#o##...#.#.###..#.....#
....o ................#..#


You could see an orc priest, 2 orcs and an endoplasm.

Vanquished Creatures
  An adder (D:2)
  A worm (D:2)
  A dart slug (D:3)
  4 endoplasms
  A giant cockroach (D:1)
  5 goblins
  5 hobgoblins
  2 jackals (D:1)
  2 quokkas (D:2)
  3 ball pythons
  4 bats
  A frilled lizard (D:1)
  2 kobolds (D:1)
  6 rats
38 creatures vanquished.

Notes
Turn   | Place    | Note
-------+----------+-------------------------------------------
     0 | D:1      | bande the Gargoyle Fighter began the quest for the Orb.
     0 | D:1      | Reached XP level 1. HP: 14/14 MP: 1/1
   106 | D:1      | Reached XP level 2. HP: 19/19 MP: 2/2
   595 | D:1      | Found a faded altar of an unknown god.
   654 | D:2      | Reached XP level 3. HP: 22/23 MP: 3/3
  1657 | D:3      | HP: 1/24 [orc/+1 flail of holy wrath (8)]
  1657 | D:3      | Killed from afar by an orc priest

Illustrated notes

Levels and vault maps discovered:
D:1:      dpeg_arrival_rhombus, layout_basic,
          shapermc_ecumenical_altar_hornbeckon
D:2:      layout_loops_corners
D:3:      layout_basic, chequers_arboretum, uniq_grinder

Skill      XL: |  1  2 |
---------------+-------+-----
Axes           | 2 |  2.7
Fighting       | |  3.8
Armour         | |  3.6
Shields        | |  3.7

Action                   || total
-------------------------++-------
Melee: War axe           ||   108
Armor: Scale mail        ||    40
       Chain mail        ||    14
Dodge: Dodged            ||    49
Block: Buckler           ||    24

Table legend: (Time is in decaauts)
 A = Elapsed time spent in this place.
 B = Non-inter-level travel time spent in this place.
 C = Inter-level travel time spent in this place.
 D = Time resting spent in this place.
 E = Time spent auto-exploring this place.
 F = Levels seen in this place.
 G = Mean time per level.
                   A        B        C        D        E       F      G
               +--------+--------+--------+--------+--------+-----+--------+
         Total |   1707 |   1682 |     25 |      0 |   1340 |   3 |  569.0 |
       Dungeon |   1707 |   1682 |     25 |      0 |   1340 |   3 |  569.0 |
               +--------+--------+--------+--------+--------+-----+--------+

Top non-repeatable levels by time:
     D:2: 931 daAuts
     D:1: 652 daAuts
     D:3: 122 daAuts
